AoeStats
← Fenix

African Clearing

510437331Analyzed
4v4 RM · 2d ago on Oct 1, 2026· 37m 43s· 8 players
Game mode
Random Map
Map size
Large (8 player)
Population
200
Speed
Normal
Resources
Standard
Victory
Conquest
Starting age
Dark Age
Ending age
Imperial Age
RankedLock teamsTeams togetherTeam positionsShared explorationLock speedFull tech treeHidden civsTurbo modeCheats
Victory
Defeat
🇺🇸 Mongols · United States
1469
+10
🇲🇽 Bulgarians · Mexico
1351
+14
🇦🇷 Khmer · Argentina
1334
+15
🇺🇸 Vietnamese · United States
1315
+16
🇦🇺 Huns · Australia
1342
-15
🇵🇪 Georgians · Peru
1323
-14
🇵🇪 Mongols · Peru
1310
-13
🇦🇷 Italians · Argentina
1289
-13
Anakin
6:36 Loom
12:16 Feudal Age
15:05 Double-Bit Axe
23:22 Castle Age
23:07 Bloodlines
28:29 Husbandry
28:21 Fletching
30:35 Bodkin Arrow
35:40 Padded Archer Armor
36:02 Ballistics
[FeI] F0rever
5:00 Loom
14:40 Feudal Age
26:19 Castle Age
24:16 Fletching
Slippery
4:32 Loom
13:13 Feudal Age
17:11 Castle Age
15:13 Double-Bit Axe
15:24 Horse Collar
Fenix
12:41 Feudal Age
14:40 Double-Bit Axe
16:53 Loom
19:06 Bloodlines
24:27 Castle Age
23:36 Scale Barding Armor
24:23 Gold Mining
24:43 Horse Collar
25:59 Light Cavalry
BenOFF
9:09 Loom
12:21 Feudal Age
18:39 Scale Mail Armor
18:50 Forging
22:59 Double-Bit Axe
28:04 Castle Age
28:21 Pikeman
29:06 Squires
32:05 Iron Casting
33:23 Horse Collar
33:58 Bow Saw
35:17 Wheelbarrow
39:10 Imperial Age
38:09 Hand Cart
38:13 Heavy Plow
chiwire
4:01 Loom
13:12 Feudal Age
17:04 Castle Age
14:54 Double-Bit Axe
17:24 Gold Mining
18:55 Bow Saw
21:56 Scale Mail Armor
22:07 Forging
28:34 Horse Collar
30:09 Arson
31:54 Chain Mail Armor
33:35 Wheelbarrow
32:46 Town Watch
33:46 Fletching
40:51 Imperial Age
el_Feist
4:32 Loom
12:27 Feudal Age
13:43 Double-Bit Axe
16:25 Castle Age
17:58 Wheelbarrow
18:01 Wheelbarrow
17:44 Fletching
18:17 Horse Collar
36:50 Fishing Lines
CTM | Franco*
8:41 Loom
14:13 Feudal Age
19:26 Castle Age
17:27 Double-Bit Axe
19:09 Bloodlines
Connection lost

Rejoining the realm…

Still unreachable

The connection could not be restored.

Session expired

The server has moved on; the page needs a fresh start.